 Dungeon Crawl Stone Soup version 0.30-a0-329-g85436e0a43 (webtiles) character file.

Game seed: 15148111935001823639

760 koil the Grave Robber (level 7, 0/51 HPs)
             Began as a Demonspawn Necromancer on Oct 29, 2022.
             Slain by an ogre
             ... wielding a +0 giant spiked club
              (5 damage)
             ... on level 4 of the Dungeon.
             The game lasted 00:20:07 (4502 turns).

koil the Grave Robber (Demonspawn Necromancer)      Turns: 4502, Time: 00:20:07

Health: 0/51       AC:  2    Str:  8    XL:     7   Next: 51%
Magic:  12/12      EV: 13    Int: 18    God:
Gold:   225        SH:  0    Dex: 14    Spells: 2/13 levels left

rFire   . . .      SeeInvis .    a - +9 war axe of Dyuhim {speed, Stlth+}
rCold   . . .      Faith    .    (no shield)
rNeg    . . .      Spirit   .    F - +0 robe
rPois   .          Reflect  .    (helmet restricted)
rElec   .          Harm     .    (no cloak)
rCorr   .          Rampage  .    (no gloves)
Will    +....                    (no boots)
Stlth   +++.......               (no amulet)
HPRegen 0.28/turn                r - ring of willpower
MPRegen 0.26/turn                (no ring)

@: no status effects
A: antennae 1, claws 1, demonic guardian 1, magic regeneration, weakness stinger
1
a: no special abilities


You were on level 4 of the Dungeon.
You visited 1 branch of the dungeon, and saw 4 of its levels.
You also visited: Sewer.

You collected 225 gold pieces.

Inventory:

Hand Weapons
 a - the +9 war axe of Dyuhim (weapon) {speed, Stlth+}
   (You found it on level 3 of the Dungeon)

   Attacks with this weapon are significantly faster.
   Stlth:     It makes you more stealthy.
 e - a +1 dagger of flaming
 x - a +1 vampiric short sword
Missiles
 j - 2 atropa-tipped darts
 p - 9 poisoned darts
 E - 5 datura-tipped darts
Armour
 c - a +0 robe
 f - a +0 helmet
 t - an orb of wrath
 F - a +0 robe (worn)
 I - a +1 ring mail of poison resistance
Jewellery
 r - a ring of willpower (left claw)
Wands
 G - a wand of charming (4)
Scrolls
 d - 7 scrolls of identify {unknown}
 g - a scroll of magic mapping {unknown}
 i - 2 scrolls of teleportation {unknown}
 l - 2 scrolls of amnesia {unknown}
 u - a scroll of summoning {unknown}
 v - 2 scrolls of poison {unknown}
 w - a scroll of fear {unknown}
 y - 2 scrolls of enchant armour {unknown}
Potions
 b - 2 potions of magic
 h - a potion of curing {unknown}
 k - 3 potions of degeneration {unknown}
 m - a potion of mutation {unknown}
 n - a potion of attraction {unknown}
 o - 2 potions of lignification {unknown}
 q - 2 potions of brilliance {unknown}
 s - a potion of ambrosia {unknown}
 z - 2 potions of invisibility {unknown}
 A - a potion of cancellation {unknown}
 B - 4 potions of might {unknown}
 C - a potion of experience {unknown}
 D - a potion of haste {unknown}
 H - a potion of heal wounds {unknown}


   Skills:
 + Level 2.8 Fighting
 + Level 1.4 Axes
 + Level 3.4 Dodging
 + Level 3.6 Stealth
 - Level 1.7 Unarmed Combat
 + Level 3.5 Spellcasting
 + Level 2.5 Hexes
 + Level 5.6 Necromancy


You had 2 spell levels left.
You knew the following spells:

 Your Spells              Type           Power      Damage    Failure   Level
a - Necrotise             Necr           92%        1d8       1%          1
b - Confusing Touch       Hex            12%        N/A       16%         3
c - Animate Dead          Necr           23%        N/A       16%         4
d - Inner Flame           Hex/Fire       7%         N/A       28%         3

Your spell library contained the following spells:

 Spells                   Type           Power      Damage    Failure   Level
 Kiss of Death            Conj/Necr      52%        2d9       4%          1
 Static Discharge         Conj/Air       6%         2-3/arc   24%         2
 Vampiric Draining        Necr           23%        2d7       4%          3
 Dispel Undead            Necr           23%        3d12      16%         4
 Agony                    Necr           23%        N/A       41%         5
 Vhi's Electric Charge    Tloc/Air       6%         N/A       43%         3
 Flame Wave               Conj/Fire      3%         2d5       83%         4
 Sticky Flame             Conj/Fire      3%         2d3       83%         4
 Arcjolt                  Conj/Air       1%         1d11      99%         5
 Lightning Bolt           Conj/Air       1%         1d12      99%         5


Dungeon Overview and Level Annotations

Branches:
Dungeon (4/15)             Temple (0/1) D:4           Sewer (visited)

Altars:
Cheibriados
Makhleb
Nemelex Xobeh
Sif Muna
Trog
Wu Jian

Shops:
D:2 [   D:4 *


Innate Abilities, Weirdness & Mutations

You have a pair of small antennae on your head.
You have sharp fingernails.
A weak demonic guardian rushes to your aid.
You regenerate magic rapidly.
You have a small tail.


Message History

The dart slug bites you.
You slash the dart slug!
You kill the dart slug!
No target in view!
No target in view!
An iguana comes into view.
The helpless iguana fails to defend itself.
You hit the iguana.
Your tail-slap misses the iguana.
The iguana is moderately wounded.
The iguana bites you.
You hit the iguana but do no damage.
The iguana is moderately wounded.
The iguana bites you.
A hobgoblin comes into view. It is wielding a +0 trident.
You barely miss the iguana.
The iguana is moderately wounded.
The hobgoblin shouts!
You slash the iguana!
The iguana is almost dead.
You hear a shout!
The iguana bites you but does no damage.
You slash the iguana!
You kill the iguana!
An ogre comes into view. It is wielding a +0 giant spiked club.
The hobgoblin throws a stone.
The stone misses you.
Found Ukegg's CLEARANCE SALE!.
The hobgoblin hits you with a +0 trident!
An endoplasm comes into view.
The endoplasm quivers.
You slash the ogre! You tail-slap the ogre.
The ogre is heavily wounded.
You hit the hobgoblin.
You kill the hobgoblin!
The ogre hits you with a +0 giant spiked club!!
Ouch! That really hurt!
* * * LOW HITPOINT WARNING * * *
A demonic guardian appears!
The ogre attacks as you move away!
The ogre hits you with a +0 giant spiked club.
You die...

#.... #...#
#####..J######
.......#∩.∩.∩
#...........
#........⌠..
#....)......
#..O.5# #.#
#..@#.##### #.# #
#.......... #<#
#.#..######## #.#
#.......# #.#
####.#..### #.#
#......# ########.#
###..#.............
#..# #########.##
#..## #.##


You could see an ogre (ally target), an endoplasm and a friendly white imp
(summoned).

Vanquished Creatures
  Grinder (D:4)
  Duvessa (D:4)
  A kobold brigand (Sewer)
  Dowan (D:4)
  An iguana (D:4)
  2 orc wizards (D:3)
  7 gnolls (D:3)
  3 adders
  7 river rats (Sewer)
  3 worms (D:3)
  3 dart slugs
  5 orcs (D:3)
  5 endoplasms
  2 giant cockroaches (D:3)
  9 goblins
  3 hobgoblins
  21 kobolds
  2 quokkas
  11 ball pythons
  6 bats
  3 frilled lizards
  22 rats
119 creatures vanquished.

Vanquished Creatures (collateral kills)
  An adder (Sewer)
  A ball python (D:2)
  A frilled lizard (D:2)
  3 rats (Sewer)
6 creatures vanquished.

Grand Total: 125 creatures vanquished

Notes
Turn   | Place    | Note
-------+----------+-------------------------------------------
     0 | D:1      | koil the Demonspawn Necromancer began the quest for the
                  | Orb.
     0 | D:1      | Reached XP level 1. HP: 13/13 MP: 3/3
   109 | D:1      | Gained mutation: You regenerate magic rapidly. [demonic
                  | ancestry]
   109 | D:1      | Reached XP level 2. HP: 12/20 MP: 3/5
   800 | D:2      | Found Juegi's Antique Armour Boutique.
   835 | D:2      | Discovered your monstrous ancestry.
   835 | D:2      | Gained mutation: You have a pair of small antennae on your
                  | head. [demonic ancestry]
   835 | D:2      | Reached XP level 3. HP: 22/25 MP: 6/6
  1162 | D:2      | Reached skill level 1 in Fighting
  1200 | D:2      | Learned a level 3 spell: Confusing Touch
  1672 | D:3      | Reached skill level 1 in Unarmed Combat
  1672 | D:3      | Gained mutation: You have sharp fingernails. [demonic
                  | ancestry]
  1672 | D:3      | Reached XP level 4. HP: 24/32 MP: 3/7
  1854 | D:3      | Found a glowing drain.
  1940 | D:3      | Gained mutation: You have a small tail. [demonic ancestry]
  1940 | D:3      | Reached XP level 5. HP: 6/37 MP: 2/8
  1951 | Sewer    | Entered a sewer
  2059 | Sewer    | Learned a level 4 spell: Animate Dead
  2073 | Sewer    | Reached skill level 1 in Hexes
  2149 | Sewer    | Reached skill level 5 in Necromancy
  2350 | Sewer    | Reached XP level 6. HP: 44/44 MP: 5/10
  2529 | Sewer    | HP: 2/44 [poisoned by an adder]
  3246 | D:3      | Identified the +9 war axe of Dyuhim {speed, Stlth+}
  3747 | D:3      | Found a sparkling altar of Nemelex Xobeh.
  3747 | D:3      | Found a bloodstained altar of Trog.
  3747 | D:3      | Found a snail-covered altar of Cheibriados.
  3747 | D:3      | Found a burning altar of Makhleb.
  3764 | D:3      | Found a shimmering blue altar of Sif Muna.
  3968 | D:4      | Found a staircase to the Ecumenical Temple.
  4063 | D:4      | Noticed Grinder
  4069 | D:4      | Learned a level 3 spell: Inner Flame
  4084 | D:4      | Killed Grinder
  4085 | D:4      | Reached skill level 1 in Axes
  4085 | D:4      | Gained mutation: A weak demonic guardian rushes to your
                  | aid. [demonic ancestry]
  4085 | D:4      | Reached XP level 7. HP: 36/51 MP: 10/12
  4162 | D:4      | Found an ornate altar of the Wu Jian Council.
  4170 | D:4      | Noticed Duvessa
  4170 | D:4      | Noticed Dowan
  4196 | D:4      | Killed Duvessa
  4215 | D:4      | Killed Dowan
  4499 | D:4      | Found Ukegg's CLEARANCE SALE!.
  4502 | D:4      | Slain by an ogre

Illustrated notes

Levels and vault maps discovered:
D:1:      ncdulo_smallfort, layout_basic, serial_forest,
          infiniplex_forest_clump_medium, infiniplex_forest_corner_1,
          infiniplex_forest_lined_ring, infiniplex_forest_straight_4,
          infiniplex_forest_end_1, infiniplex_forest_straight_1,
          infiniplex_forest_lined_room_, infiniplex_forest_clump_double,
          infiniplex_forest_lined_room_, infiniplex_forest_lined_2,
          minmay_split_cup_large
D:2:      layout_basic, serial_shops, nicolae_shop_hallway_stairs,
          minmay_octomino_j4
D:3:      layout_basic, minmay_overflow_temple_hex, cheibrodos_sewer_entry_bend
D:4:      layout_loops_ring, nzn_wu_jian_council_hall,
          minmay_temple_entry_glass, chequers_arboretum, nicolae_shop_clearance,
          uniq_duvessa, uniq_grinder

Skill      XL: |  1  2  3  4  5  6 |
---------------+-------------------+-----
Stealth        | 2 3 |  3.6
Dodging        | 2 3 |  3.4
Fighting       | 1 2 |  2.8
Unarmed Combat | 1 |  1.7
Hexes          | 1 2 |  2.5
Necromancy     | 5 |  5.6
Spellcasting   | 3 |  3.5
Axes           | 1 |  1.4

Action                   |  1- 3 |  4- 6 |  7- 9 || total
-------------------------+-------+-------+-------++-------
Melee: Dagger            |    85 |       |       ||    85
       Unarmed           |     3 |    89 |       ||    92
       Tailslap          |       |    14 |     3 ||    17
       Punch             |       |     4 |       ||     4
       War axe           |       |    38 |    25 ||    63
Throw: Dart              |       |       |     5 ||     5
 Cast: Necrotise         |    36 |   102 |     1 ||   139
       Confusing Touch   |       |     1 |     1 ||     2
 Stab: Sleeping          |     2 |     6 |     2 ||    10
       Distracted        |       |     1 |       ||     1
       Confused          |       |       |     1 ||     1
Armor: Robe              |    21 |    18 |     2 ||    41
Dodge: Dodged            |    75 |    88 |    12 ||   175

Table legend: (Time is in decaauts)
 A = Elapsed time spent in this place.
 B = Non-inter-level travel time spent in this place.
 C = Inter-level travel time spent in this place.
 D = Time resting spent in this place.
 E = Time spent auto-exploring this place.
 F = Levels seen in this place.
 G = Mean time per level.
                   A        B        C        D        E       F      G
               +--------+--------+--------+--------+--------+-----+--------+
         Total |   4509 |   4426 |     83 |    259 |   3094 |   5 |  901.8 |
       Dungeon |   3438 |   3355 |     83 |    157 |   2389 |   4 |  859.5 |
         Sewer |   1071 |   1071 |      0 |    102 |    705 |   1 | 1071.0 |
               +--------+--------+--------+--------+--------+-----+--------+

Top non-repeatable levels by time:
     D:3: 1239 daAuts
   Sewer: 1071 daAuts
     D:2: 843 daAuts
     D:1: 743 daAuts
     D:4: 612 daAuts
